 Dungeon Crawl Stone Soup version 0.24.0-13-gcf9b319 (webtiles) character file.

Game seed: 6184965668581042364, levelgen mode: deterministic

14 Bronimir the Magician (level 2, -2/15 HPs)
             Began as a Deep Elf Wizard on Apr 17, 2020.
             Slain by a jackal (3 damage)
             ... on level 1 of the Dungeon.
             The game lasted 00:01:48 (298 turns).

Bronimir the Magician (Deep Elf Wizard)              Turns: 298, Time: 00:01:49

Health: -2/15      AC:  2    Str:  4    XL:     2   Next: 27%
Magic:  2/10       EV: 13    Int: 22    God:
Gold:   14         SH:  0    Dex: 13    Spells: 4/11 levels left

rFire    . . .     SeeInvis .   c - +0 dagger
rCold    . . .     Gourm    .   (no shield)
rNeg     . . .     Faith    .   a - +0 robe
rPois    .         Spirit   .   b - +0 hat
rElec    .         Reflect  .   (no cloak)
rCorr    .         Harm     .   (no gloves)
MR       .....                  (no boots)
Stlth    ++........             (no amulet)
HPRegen  0.05/turn              (no ring)
MPRegen  0.12/turn              (no ring)

@: no status effects
A: no striking features
a: no special abilities


You were on level 1 of the Dungeon.
You were not hungry.

You visited 1 branch of the dungeon, and saw 1 of its levels.

You collected 14 gold pieces.

Inventory:

Hand Weapons
 c - a +0 dagger (weapon)
Armour
 a - a +0 robe (worn)
 b - a +0 hat (worn)
Comestibles
 d - a ration


   Skills:
 * Level 2.5 Dodging
 - Level 2.4 Stealth
 * Level 5.1 Spellcasting
 * Level 1.2 Conjurations
 * Level 1.1 Summonings
 + Level 1.1 Translocations


You had 4 spell levels left.
You knew the following spells:

 Your Spells              Type           Power        Failure   Level  Hunger
a - Magic Dart            Conj           ##..         6%          1    None
b - Blink                 Tloc           N/A          10%         2    None
c - Call Imp              Summ           ##......     10%         2    None
d - Slow                  Hex            #.......     16%         2    None

Your spell library contained the following spells:

 Spells                   Type           Power        Failure   Level  Hunger
 Conjure Flame            Conj/Fire      #.......     22%         3    ##.....
 Mephitic Cloud           Conj/Pois/Air  #.......     26%         3    ##.....


Dungeon Overview and Level Annotations

Branches:
Dungeon (1/15)

Altars:


Message History

Casting: Magic Dart (safe; 6% risk of failure)
Confirm with . or Enter, or press ? or * to list all spells.
Aiming: Magic Dart (safe; 6% risk of failure)
Press: ? - help, Shift-Dir - straight line, f/p - jackal
Aim: a jackal The magic dart hits the jackal but does no damage.
The jackal closely misses you.
Casting: Magic Dart (safe; 6% risk of failure)
Confirm with . or Enter, or press ? or * to list all spells.
Aiming: Magic Dart (safe; 6% risk of failure)
Press: ? - help, Shift-Dir - straight line, f/p - jackal
Aim: a jackal The magic dart hits the jackal but does no damage.
The jackal closely misses you.
A jackal comes into view.
The jackal bites you but does no damage.
You aren't carrying any potions.
You closely miss the jackal. The jackal barely misses you.
The jackal bites you.
You die...

..... #.#.. #. #..†#
######### #.###..h#
##.......##
#.......###.........##
##.....##.......†...##.
##.....#g†r..†.(.......#
#...h.)h##.....†..††.##.
+......@###.........##
#.......# ##..$....##
##......###############
##............<.......
##...................
##'#######...####### #.#
#..## #.# #.##
##.#######.#


You could see 2 jackals and a goblin.

Vanquished Creatures
  2 hobgoblins (D:1)
  11 rats (D:1)
13 creatures vanquished.

Vanquished Creatures (collateral kills)
  2 jackals (D:1)
  3 rats (D:1)
5 creatures vanquished.

Grand Total: 18 creatures vanquished

Notes
Turn   | Place    | Note
-------+----------+-------------------------------------------
     0 | D:1      | Bronimir the Deep Elf Wizard began the quest for the Orb.
     0 | D:1      | Reached XP level 1. HP: 10/10 MP: 7/7
   168 | D:1      | Reached skill level 5 in Spellcasting
   168 | D:1      | Reached XP level 2. HP: 15/15 MP: 1/10
   250 | D:1      | Learned a level 2 spell: Blink
   253 | D:1      | Learned a level 2 spell: Call Imp
   256 | D:1      | Learned a level 2 spell: Slow
   298 | D:1      | Slain by a jackal

Levels and vault maps discovered:
D:1:      erik_arrival_orb_chamber, layout_loops_corners

Skill      XL: |  1 |
---------------+----+-----
Spellcasting   | 5 |  5.1
Dodging        | |  2.5
Stealth        | |  2.4
Conjurations   | |  1.2
Summonings     | |  1.1
Translocations | |  1.1

Action                   || total
-------------------------++-------
Melee: Dagger            ||     1
 Cast: Magic Dart        ||    25
       Call Imp          ||     2
       Blink             ||     1
Armor: Robe              ||     2
Dodge: Dodged            ||    24
